Description

this is a build polt did in the most recent tournament (which he won) against the grandmaster terran player KoMA. you make 4 reapers total while pooling them back at home and once the 3rd and 4th reapers come out you make a reactor then a tech lab for fast marine production and stim. you push out when your combat shields has only been going for 10-15 seconds so that you show up just as its finishing. with this push you should have a group of marines, 3 tanks, 2 medivacs, and 1 viking. if your below masters this build will most likely kill your opponent but above that it should contain them while you get up to 3 base and rocket ahead in economy. id recommend watching the replay that is attached to this build order just to see how a pro like polt tries to play it out, i condensed the build order down to 5:30 as opposed to the standard 10:00 since i feel that after that point its all standard reactionary play and no longer part of the build order. if you feel differently the link attached to this build will take you to the full 10:00 version.

P.S. the turrets he puts down at 5:14 and 5:15 are reaction to scouting possible banshee. they are not part of the real build order but if your less experienced id recommend doing it anyways just for safety.

Replay - Orbital+Shipyard+%282%29

Build Order

Get SALT Encoding   

  12  0:00  SCV  
  13  0:12  SCV  
  14  0:17  Supply Depot  
  14  0:24  SCV  
  15  0:39  SCV  
  15  0:40  Barracks  
  16  0:43  Refinery  
  16  0:51  SCV  
  17  0:58  Barracks  
  17  1:03  SCV  
  18  1:15  SCV  
  19  1:27  Orbital Command  
  19  1:28  Reaper  
  20  1:33  Supply Depot  
  20  1:47  Reaper  
  20  1:52  SCV  
  22  1:55  Refinery  
  22  2:04  Reaper, SCV  
  23  2:17  SCV  
  23  2:21  Reaper  
  25  2:24  Command Center  
  26  2:30  SCV  
  26  2:43  SCV  
  27  2:46  Factory  
  27  2:47  Supply Depot  
  27  2:50  Barracks Reactor  
  27  2:55  SCV  
  27  2:56  Barracks Tech Lab  
  28  3:07  SCV  
  29  3:19  SCV  
  28  3:27  Marine x2  
  28  3:28  Marine  
  28  3:30  Stimpack  
  28  3:31  SCV  
  32  3:38  Orbital Command  
  31  3:43  SCV  
  31  3:45  Marine x2  
  31  3:46  Marine  
  34  3:49  Starport  
  34  3:55  SCV  
  35  3:56  Factory Tech Lab  
  35  4:02  Refinery  
  35  4:03  SCV  
  35  4:07  SCV  
  35  4:08  Marine x2  
  35  4:09  Marine  
  40  4:16  SCV, Siege Tank  
  44  4:19  SCV  
  44  4:24  Supply Depot  
  45  4:25  Viking  
  45  4:28  SCV  
  45  4:30  Marine x2  
  50  4:31  SCV  
  50  4:33  Marine  
  50  4:37  Supply Depot  
  52  4:40  Engineering Bay  
  52  4:44  SCV x2  
  54  4:50  Siege Tank  
  57  4:56  SCV x2  
  57  4:57  Medivac  
  61  5:03  Marine x2  
  61  5:05  Marine  
  64  5:07  Supply Depot  
  64  5:08  SCV x2  
  66  5:14  Missile Turret  
  66  5:15  Missile Turret  
  66  5:20  SCV x2  
  68  5:26  Medivac  
  70  5:29  Siege Tank  
  70  5:34  Marine x2  
  70  5:35  Marine, Combat Shields  
  72  5:40  SCV x2  
  74  5:47  Terran Infantry Weapons Level 1  
Spawning Tool Build Advisor. Get it on Overwolf

Analysis

im currently masters terran on EU and NA, i find this build to be extremely effective on all maps except dusk towers due to how hard it is to get reapers to do any real damage. but its still doable, you need to poke up the ramp at his marines instead of jumping up and going for the SCV line like you might do on maps like central protocol or orbital shipyard. make sure you save a scan on dusk towers so you can get some kind of scouting at around 4 minutes to see what he might be throwing at you. you probably wont need to do this on any other maps due to the reapers getting any and all information you might need.

Side note the only build iv gotten shit on so far is thor rush with a medivac. but since that's such a rare build i wouldn't worry about it too much, good luck and have fun. If anyone would like me to put together a build order for a specific match up or a specific play style leave it in the comments.

Go to:

Details

  • Created by: Tygo
  • Published on: Mar 19, 2016
  • Modified on: Mar 19, 2016
  • Patch: Pre-3.8.0
Show
View Real Time Build Order
Export as new Build Order

Comments (6)

On June 21, 2016, 11:05 a.m., SmokeHF  said:

%24136|spawningtool.com|A brief description of this build and its goals.|~* 0 /+ H !, J ,- Y !/!:" /!;!(0!@ /0!N!(2!W ,2"#!(3"4!(5"7 #7"M %7"N /7"Q 17"W 08#:!%8#:!%8#;!%8#>#+<#E" ;#M!%;#M!%;#M!%>#P .?#W 0?$! ,?$'!%?$'!%?$(!%D$/!*H$8 /I$9!,I$>!%J$>!%N$A!%N$E /P$H $R$R!*U$X!&Y%#!%Z%#!%[%%!%\%' /^%- (^%/ (`%9!&b%<!*b%B!%b%B!%b%C!%b%C#0f%N#" It's fixed SALT encoding.Original doesn't have all suply depots and all marines. Tell me if its working.

On May 3, 2016, 1:47 a.m., SilentSword  said:

i can't find the replay vod.
good build btw <3.

On April 8, 2016, 2:06 p.m., Nukem  said:

Awesome work with the description and analysis. Keep it up

On March 25, 2016, 10:23 p.m., mkite27  said:

Whats an ideal aggressive build for TvP?

On March 25, 2016, 10:22 p.m., mkite27  said:

Whats an ideal aggressive build for TvP?

On March 20, 2016, 10:33 p.m., Sidrahlin  said:

Great build order!!! It is going to be extremely effective when I try it out on the ladder. I was looking for a strong TvT build. :) Thanks for posting! Polt is so awesome.

Create an account to comment!